 Dungeon Crawl Stone Soup version 0.18.1-8-gdd0e5ea (webtiles) character file.

667 Krapule the Insei (level 7, -1/56 HPs)
             Began as a Demonspawn Monk on June 5, 2016.
             Slain by Grinder (6 damage)
             ... while paralysed by Grinder
             ... on level 6 of the Dungeon.
             The game lasted 00:17:19 (5326 turns).

Krapule the Insei (Demonspawn Monk)                 Turns: 5326, Time: 00:17:20

Health: -1/56      AC:  7    Str: 11    XL:     7   Next: 31%
Magic:  7/7        EV:  2    Int: 12    God:
Gold:   239        SH:  0    Dex: 17    Spells: 0 memorised, 6 levels left

rFire  . . .     SeeInvis .     l - -1 hunting sling (curse)
rCold  + . .     Gourm    .     c - +0 ring mail
rNeg   . . .     Faith    .     (no shield)
rPois  .         Spirit   .     (helmet restricted)
rElec  .         Dismiss  .     (no cloak)
rCorr  .         Reflect  .     (no gloves)
SustAt .         Harm     .     o - +1 pair of boots
MR     .....                    (no amulet)
Stlth  +.........               (no ring)
                                (no ring)

@: paralysed, not resistant to hostile enchantments, very unstealthy
A: antennae 1, cold resistance 1, demonic guardian 1
a: no special abilities


You were on level 6 of the Dungeon.
You were near starving.

You visited 1 branch of the dungeon, and saw 6 of its levels.

You collected 239 gold pieces.

Inventory:

Hand Weapons
 b - a +0 hunting sling
 l - a cursed -1 hunting sling (weapon)
Missiles
 f - 40 stones (quivered)
Armour
 a - a +0 robe
 c - a +0 ring mail (worn)
 m - a +0 shield
 o - a +1 pair of boots (worn)
Jewellery
 n - an uncursed ring of ice
Scrolls
 d - 3 scrolls of identify
 h - a scroll of teleportation
 t - 2 scrolls of enchant armour
 w - a scroll of enchant weapon
Potions
 e - a potion of flight {unknown}
 g - 2 potions of curing
 i - a potion of magic {unknown}
 j - a potion of berserk rage {unknown}
 p - a potion of brilliance {unknown}
 r - a potion of haste {unknown}
 v - 2 potions of cure mutation {unknown}
 x - 2 potions of cancellation {unknown}
Comestibles
 k - 2 meat rations
 q - 2 bread rations
 u - a beef jerky


   Skills:
 + Level 5.0 Fighting
 + Level 3.1 Armour
 + Level 4.5 Dodging
 - Level 2.0 Stealth
 + Level 5.1 Unarmed Combat


You had 6 spell levels left.
You didn't know any spells.

Dungeon Overview and Level Annotations

Branches:
Dungeon (6/15)
 Temple: D:4-7

Altars:
Okawaru
Pakellas
Sif Muna

Annotations:
D:3 Zleub's ghost, amateur DsFi
D:5 F1L1N's ghost, novice GrBe
D:6 Grinder


Innate Abilities, Weirdness & Mutations

You have a pair of small antennae on your head.
Your flesh is cold resistant.
A weak demonic guardian rushes to your aid.


Message History

Aim: a scorpion (heavily wounded)
You shoot a sling bullet.
The sling bullet barely misses the scorpion.
Your demonic guardian avoids your attack.
Grinder gestures at you.
You suddenly lose the ability to move!
Your iron imp barely misses the scorpion.
The scorpion stings you. Grinder hits you!
* * * LOW HITPOINT WARNING * * *
You writhe in agony. x2
Your iron imp barely misses the scorpion.
The scorpion stings you.
* * * LOW HITPOINT WARNING * * *
Grinder gestures at you.
You shrug off the repeated paralysis!
Your iron imp hits the scorpion but does no damage.
The scorpion barely misses you. Grinder hits you.
* * * LOW HITPOINT WARNING * * *
You writhe in agony.
You die...

.((....
...##
#((...#
... .
#.((...
... .#
#...(.##?#
..#
#....(#.#
#!.#
#....(#
#..
#.#(#.# #
#5##.##.#
#@s5...(#
####.####
#.# #.#
#.# #.#
#.# #.####
#....#


You could see Grinder, a scorpion and a friendly iron imp.

Vanquished Creatures
  A phantom (D:4)
  A scorpion (D:6)
  3 howler monkeys
  A crimson imp (D:5)
  2 orc wizards (D:4)
  An iguana (D:6)
  Ijyb (D:3)
  2 worker ants (D:4)
  A hound skeleton (D:4)
  7 gnolls
  4 adders
  3 oozes
  An adder skeleton (D:4)
  A worm (D:3)
  A dart slug (D:3)
  A giant gecko (D:4)
  14 orcs
  6 giant cockroaches
  11 goblins
  5 hobgoblins
  11 jackals
  8 kobolds
  A quokka (D:5)
  A ball python (D:3)
  10 bats
  6 giant newts
  8 rats
112 creatures vanquished.

Notes
Turn   | Place    | Note
--------------------------------------------------------------
     0 | D:1      | Krapule the Demonspawn Monk began the quest for the Orb.
     0 | D:1      | Reached XP level 1. HP: 18/18 MP: 1/1
   253 | D:1      | Gained mutation: Your flesh is cold resistant. [demonic ancestry]
   253 | D:1      | Reached XP level 2. HP: 21/24 MP: 2/2
   459 | D:1      | Gained mutation: You have a pair of small antennae on your head. [demonic ancestry]
   459 | D:1      | Reached XP level 3. HP: 11/29 MP: 3/3
  1245 | D:2      | Reached skill level 1 in Armour
  1353 | D:2      | Found a faded altar to an unknown god.
  1667 | D:2      | Reached XP level 4. HP: 36/36 MP: 4/4
  2069 | D:3      | Noticed Ijyb
  2096 | D:3      | Killed Ijyb
  2222 | D:3      | Noticed Zleub's ghost (amateur DsFi)
  2494 | D:3      | Reached XP level 5. HP: 34/42 MP: 5/5
  2746 | D:3      | Found a deep blue altar of Sif Muna.
  3331 | D:4      | Gained mutation: A weak demonic guardian rushes to your aid. [demonic ancestry]
  3331 | D:4      | Reached XP level 6. HP: 17/48 MP: 6/6
  4515 | D:3      | Reached skill level 5 in Unarmed Combat
  4515 | D:3      | Reached XP level 7. HP: 45/55 MP: 7/7
  4616 | D:3      | Found an oddly glowing altar of Pakellas.
  4837 | D:5      | Entered Level 5 of the Dungeon
  5026 | D:5      | Found an iron altar of Okawaru.
  5136 | D:5      | Noticed F1L1N's ghost (novice GrBe)
  5288 | D:6      | Reached skill level 5 in Fighting
  5320 | D:6      | Noticed Grinder
  5324 | D:6      | Paralysed by Grinder for 4 turns
  5326 | D:6      | Slain by Grinder

Skill      XL: |  1  2  3  4  5  6  7 |
---------------+----------------------+-----
Stealth        | 2 |  2.0
Dodging        | 3 4 |  4.5
Unarmed Combat | 4 5 |  5.1
Armour         | 1 2 3 |  3.1
Fighting       | 4 5 |  5.0

Action                   |  1- 3 |  4- 6 |  7- 9 || total
-------------------------+-------+-------+-------++-------
Melee: Unarmed           |   130 |       |       ||   130
       Punch             |     2 |       |       ||     2
 Fire: Hunting sling     |   118 |   410 |    91 ||   619
  Use: Scroll            |     3 |     6 |     1 ||    10
       Potion            |       |     2 |       ||     2
  Eat: Chunk             |     1 |     1 |     1 ||     3
       Bread ration      |     1 |     1 |       ||     2
Armor: Ring mail         |    90 |   104 |    13 ||   207
Dodge: Dodged            |   135 |   204 |    26 ||   365
